 Dungeon Crawl Stone Soup version 0.30-a0-605-gb2882149bf (webtiles) character file.

Game seed: 8083819130316590912

4095 OTABOTABOTAB the Destroyer (level 10, -2/47 (50) HPs)
             Began as a Deep Elf Air Elementalist on Jan 8, 2023.
             Was a Follower of Vehumet.
             Slain by an orc warrior
             ... wielding a +0 halberd of electrocution
              (18 damage)
             ... in a bailey.
             The game lasted 00:21:50 (9881 turns).

OTABOTABOTAB the Destroyer (DEAE)                   Turns: 9881, Time: 00:21:51

HP:   -2/47 (50)    AC:  6    Str:  7    XL:     10   Next: 5%
MP:   30/35         EV: 12    Int: 25    God:    Vehumet [*.....]
Gold: 460           SH:  0    Dex: 15    Spells: 19/29 levels left

rFire   . . .      SeeInvis .    i - +9 spear of Meager Expedience {flame, +Blink Str+2}
rCold   . . .      Faith    .    e - orb {light}
rNeg    . . .      Spirit   .    a - +0 robe
rPois   .          Reflect  .    l - +1 helmet
rElec   .          Harm     .    (no cloak)
rCorr   .          Rampage  .    u - +0 pair of gloves
Will    +....                    c - +0 pair of boots
Stlth   +                        (no amulet)
HPRegen 0.27/turn                Z - ring of wizardry {Wiz+, !d}
MPRegen 0.24/turn                m - ring of magical power {MP+9}

@: glowing, drained
A: no striking features
a: Renounce Religion, Evoke Blink


You were in a bailey.
You worshipped Vehumet.
Vehumet was aware of your devotion.
You visited 2 branches of the dungeon, and saw 9 of its levels.
You also visited: Bailey.

You collected 504 gold pieces.
You spent 44 gold pieces at shops.

Inventory:

Hand Weapons
 i - the +9 spear of Meager Expedience (weapon) {flame, +Blink Str+2}
   (You found it on level 3 of the Dungeon)

   Str:       It affects your strength (+2).
   +Blink:    It lets you blink.
Missiles
 b - a boomerang
 k - 5 poisoned darts
 p - 2 throwing nets {!d}
 s - 53 stones
Armour
 a - a +0 robe (worn)
 c - a +0 pair of boots (worn)
   (You found it on level 3 of the Dungeon)
 e - an orb of light (worn)
   (You found it on level 1 of the Dungeon)
 l - a +1 helmet (worn)
   (You found it on level 3 of the Dungeon)
 u - a +0 pair of gloves (worn)
   (You found it on level 5 of the Dungeon)
Jewellery
 d - an amulet of guardian spirit
   (You found it on level 4 of the Dungeon)
 j - a ring of see invisible {sInv, !d}
   (You found it on level 5 of the Dungeon)
 m - a ring of magical power (right hand) {MP+9}
   (You found it on level 6 of the Dungeon)
 Z - a ring of wizardry (left hand) {Wiz+, !d}
   (You took it off a gnoll on level 6 of the Dungeon)
Wands
 o - a wand of roots (6)
   (You took it off Pikel on level 7 of the Dungeon)
Scrolls
 g - a scroll of fog
 h - 2 scrolls of blinking {unknown}
 n - 3 scrolls of amnesia
 E - 3 scrolls of fear
 V - 3 scrolls of vulnerability {!r!r}
 X - a scroll of magic mapping {@r4!r}
 Y - 4 scrolls of teleportation {@r3}
Potions
 f - a potion of attraction {!q}
 G - a potion of ambrosia {!q}
 H - 3 potions of haste
 J - a potion of curing {@q1}
 M - 4 potions of magic
 N - 3 potions of heal wounds {@q2}
 P - 4 potions of lignification {!q}
 T - a potion of berserk rage {!q}
 U - 3 potions of mutation {!q}


   Skills:
 - Level 2.4 Dodging
 - Level 2.4 Stealth
 - Level 10.0 Spellcasting
 * Level 10.7 Conjurations
 + Level 8.6 Air Magic


You had 19 spell levels left.
You knew the following spells:

 Your Spells              Type           Power      Damage    Failure   Level
a - Shock                 Conj/Air       100%       1d9       1%          1
b - Static Discharge      Conj/Air       100%       2-7/arc   1%          2
c - Airstrike             Air            26%        2d(4-20)  1%          4
s - Swiftness             Air            53%        N/A       1%          3

Your spell library contained the following spells:

 Spells                   Type           Power      Damage    Failure   Level
 Foxfire                  Conj/Fire      100%       2x1d9     1%          1
 Sting                    Tmut/Pois      48%        1d5       1%          1
 Cigotuvi's Dreadful Rot  Necr/Pois/Air  52%        N/A       1%          2
 Poisonous Vapours        Pois/Air       68%        N/A       1%          2
 Dazzling Flash           Conj/Hex       78%        N/A       1%          3
 Kindle Blastsparks       Fire/Tloc/Air  52%        2d14      1%          3
 Mephitic Cloud           Conj/Pois/Air  44%        N/A       1%          3
 Iskenderun's Mystic Bla  Conj/Tloc      39%        2d9       2%          4
 Freezing Cloud           Conj/Ice/Air   22%        6-21      4%          5
 Ignite Poison            Fire/Tmut/Pois 12%        N/A       6%          3
 Olgreb's Toxic Radiance  Pois           12%        N/A       19%         4
 Starburst                Conj/Fire      19%        6d7       32%         6


Dungeon Overview and Level Annotations

Branches:
Dungeon (8/15)             Temple (1/1) D:4          Bailey (1/1)
   Lair: D:8-11

Altars:
Ashenzari
Cheibriados
Dithmenos
Hepliaklqana
Kikubaaqudgha
Makhleb
Nemelex Xobeh
Okawaru
Qazlal
Ru
Sif Muna
Trog
Uskayaw
Vehumet
Wu Jian
Yredelemnul
The Shining One

Shops:
D:2 ?   D:3 (   D:8 [


Message History

There is an open door here.
There is an open door here.
There is an open door here.
There is a gate leading back out of this place here.
There is an open door here.
Things that are here:
a +1 halberd of electrocution; a +1 halberd of electrocution; a gnoll corpse
There is an open door here.
There is an open door here.
There is a fountain of clear blue water here.
There is an open door here.
Things that are here:
a +0 halberd of electrocution; a +1 halberd of electrocution; a gnoll corpse
There is an open door here.
You open the door.
There is an open door here.
The zap hits the gnoll!
The zap hits the gnoll.
The gnoll hits you from afar with a +2 halberd of draining!
You feel drained.
You take 10 damage, and have 40/48 hp.
MASSIVE DAMAGE!!
You now have 34/35 mp.
The zap hits the gnoll!
You kill the gnoll!
Vehumet accepts your kill.
You now have 33/35 mp.
You start resting.
Health restored: 48; MP restored: 35 Unknown command.
U - 3 potions of mutation {!q} (gained 1)
There is an open door here.
Things that are here:
a +2 halberd of draining; a gnoll corpse
There is an open door here.
Things that are here:
a +2 halberd of draining; a gnoll corpse You open the door.
There is an open door here.
You open the door.
A gnoll comes into view.
It is wielding a +0 halberd of draining.
The gnoll shouts!
The gnoll hits you from afar with a +0 halberd of draining.
You feel drained.
You take 4 damage, and have 44/47 hp.
Aim: a gnoll, wielding a +0 halberd of draining (haloed, empty space bonus: 1/8)
The air twists around and strikes the gnoll.
The gnoll hits you from afar with a +0 halberd of draining.
You feel drained.
You take 7 damage, and have 37/46 hp.
You now have 31/35 mp.
Aim: a gnoll, wielding a +0 halberd of draining (moderately wounded, haloed, empty space bonus: 1/8)
The air twists around and strikes the gnoll.
The gnoll closely misses you.
You now have 27/35 mp.
Aim: a gnoll, wielding a +0 halberd of draining (heavily wounded, haloed, empty space bonus: 1/8)
The air twists around and strikes the gnoll.
The gnoll barely misses you.
You now have 23/35 mp.
Aim: a gnoll, wielding a +0 halberd of draining (almost dead, haloed, empty space bonus: 1/8)
The air twists around and strikes the gnoll!
You kill the gnoll!
Vehumet accepts your kill.
You feel your power returning.
You now have 21/35 mp.
You start resting.
Health restored: 47; MP restored: 35 You start waiting.
Done waiting.
There is an open door here.
You see here a +0 halberd of draining.
You open the door.
An orc warrior and 3 gnolls come into view.
A gnoll is wielding a +1 halberd of draining.
A gnoll is wielding a +2 halberd of electrocution.
The orc warrior is wielding a +0 halberd of electrocution.
A gnoll is wielding a +2 halberd of electrocution.
The gnoll shouts! x2; The orc warrior shouts!
Aim: a gnoll, wielding a +2 halberd of electrocution (empty space bonus: 6/8)
The air twists around and strikes the gnoll!!
You kill the gnoll!
Vehumet accepts your kill.
You feel your power returning.
The gnoll shouts!
You now have 32/35 mp.
Aim: a gnoll, wielding a +2 halberd of electrocution (77% to hit)
The zap hits the orc warrior.
The zap hits the gnoll!
The orc warrior closely misses you.
You now have 31/35 mp.
Aim: a gnoll, wielding a +2 halberd of electrocution (severely wounded, haloed, empty space bonus: 4/8)
Okay, then.
Aim: a gnoll, wielding a +2 halberd of electrocution (severely wounded, haloed, 84% to hit)
The zap hits the orc warrior.
The zap hits the gnoll!
You kill the gnoll!
Vehumet accepts your kill.
The orc warrior hits you from afar with a +0 halberd of electrocution!
You are electrocuted!
You take 24 damage, and have 23/47 hp.
MASSIVE DAMAGE!!
You now have 30/35 mp.
There is an open door here.
The zap hits the orc warrior. x2
The orc warrior hits you from afar with a +0 halberd of electrocution!
You are electrocuted!!
You die...

#.#.###.###.#
+##+
+###)##'##'##
#!.!
##.....##
#.!.!
###.....#
+!.).
#.'..⌠..+
!.).
###.....# .g#
##.....#
#o###'##+##+
#)@.## #####


You could see an orc warrior and a gnoll.

Vanquished Creatures
  Pikel (D:7)
  A hornet (D:7)
  Grinder (D:5)
  Eustachio (D:5)
  3 yaks (D:6)
  4 water moccasins
  A black bear (D:6)
  A sky beast (D:8)
  An ice beast (D:5)
  A centaur (D:6)
  3 ogres
  A phantom (D:7)
  3 bullfrogs (D:7)
  4 necrophages
  3 scorpions
  5 hounds (D:6)
  2 jellies
  6 orc priests
  A gnoll bouda (D:6)
  3 iguanas
  3 orc wizards
  20 gnolls
  8 adders
  A river rat (D:4)
  A white imp (D:4)
  2 ufetubi
  A worm (D:4)
  A dart slug (D:4)
  24 orcs
  3 bats
  7 endoplasms
  6 giant cockroaches
  9 goblins
  5 hobgoblins
  8 kobolds
  3 quokkas
  7 ball pythons
  2 frilled lizards
  A goblin zombie (D:4)
  5 hobgoblin zombies (D:4)
  2 kobold skeletons (D:4)
  2 kobold zombies (D:4)
  3 rats
170 creatures vanquished.

Vanquished Creatures (others)
  25 plants (D:5)
  3 withered plants (D:7)
28 creatures vanquished.

Grand Total: 198 creatures vanquished

Notes
Turn   | Place    | Note
-------+----------+-------------------------------------------
     0 | D:1      | OTABOTABOTAB the Deep Elf Air Elementalist began the quest
                  | for the Orb.
     0 | D:1      | Reached XP level 1. HP: 10/10 MP: 6/6
   241 | D:1      | Reached XP level 2. HP: 15/15 MP: 5/8
  1072 | D:2      | Learned a level 2 spell: Static Discharge
  1162 | D:2      | Reached XP level 3. HP: 19/19 MP: 3/10
  1337 | D:2      | Reached skill level 2 in Conjurations
  1442 | D:2      | Found Ocvegut's Magic Scroll Shop.
  1458 | D:2      | Bought a scroll of identify for 22 gold pieces
  1458 | D:2      | Bought a scroll of identify for 22 gold pieces
  1525 | D:2      | Reached skill level 4 in Air Magic
  2003 | D:2      | Identified the +1 falchion of Utecui {freeze, Str+4}
  2161 | D:3      | Learned a level 3 spell: Swiftness
  2230 | D:3      | Reached XP level 4. HP: 24/24 MP: 7/11
  2298 | D:3      | Reached skill level 4 in Spellcasting
  2411 | D:3      | Identified the +9 spear of Meager Expedience {flame, +Blink
                  | Str+2}
  2587 | D:3      | Found a burning altar of Makhleb.
  2933 | D:3      | Found Dauplapaask's Weapon Shoppe.
  3008 | D:4      | Learned a level 4 spell: Airstrike
  3079 | D:4      | Reached XP level 5. HP: 13/28 MP: 2/13
  3210 | D:4      | HP: 3/28 [necrophage (7)]
  3215 | D:4      | Reached skill level 3 in Conjurations
  3215 | D:4      | Reached skill level 5 in Air Magic
  3549 | D:4      | Noticed an ogre
  3564 | D:4      | Killed an ogre
  3565 | D:4      | Reached skill level 5 in Spellcasting
  3565 | D:4      | Reached XP level 6. HP: 25/32 MP: 3/15
  3768 | D:4      | Found a glowing golden altar of the Shining One.
  3888 | D:4      | Reached skill level 4 in Conjurations
  4148 | D:4      | Reached XP level 7. HP: 33/36 MP: 12/17
  4237 | D:4      | Found a staircase to the Ecumenical Temple.
  4248 | Temple   | Entered the Ecumenical Temple
  4295 | Temple   | Became a worshipper of Vehumet
  4773 | D:5      | Entered Level 5 of the Dungeon
  4773 | D:5      | Noticed Grinder
  4776 | D:5      | Killed Grinder
  4777 | D:5      | Reached skill level 6 in Spellcasting
  4777 | D:5      | Reached skill level 5 in Conjurations
  4777 | D:5      | Reached skill level 6 in Air Magic
  4999 | D:5      | Noticed Eustachio
  5008 | D:5      | Killed Eustachio
  5009 | D:5      | Reached skill level 6 in Conjurations
  5103 | D:5      | Reached XP level 8. HP: 41/41 MP: 9/20
  5505 | D:5      | Reached skill level 7 in Spellcasting
  6119 | D:6      | Reached skill level 7 in Conjurations
  6396 | D:6      | Reached skill level 7 in Air Magic
  6430 | D:6      | Reached * piety under Vehumet
  6430 | D:6      | Offered knowledge of Foxfire by Vehumet.
  6431 | D:6      | Reached skill level 8 in Spellcasting
  6431 | D:6      | Reached skill level 8 in Conjurations
  6710 | D:6      | Reached XP level 9. HP: 45/45 MP: 10/23
  7257 | D:6      | Reached skill level 9 in Conjurations
  7660 | D:6      | Found a snail-covered altar of Cheibriados.
  7661 | D:6      | Found an ornate altar of the Wu Jian Council.
  7868 | D:7      | Reached skill level 9 in Spellcasting
  8141 | D:7      | Noticed Pikel
  8145 | D:7      | Killed Pikel
  8146 | D:7      | Reached skill level 10 in Conjurations
  8146 | D:7      | Reached skill level 8 in Air Magic
  8525 | D:7      | Found an ancient bone altar of Kikubaaqudgha.
  9191 | D:8      | Reached XP level 10. HP: 50/50 MP: 20/25
  9335 | D:8      | Found Kanicoh's Armour Boutique.
  9475 | D:8      | Found a flagged portal.
  9484 | Bailey   | Entered a bailey
  9507 | Bailey   | Reached skill level 10 in Spellcasting
  9881 | Bailey   | Slain by an orc warrior

Illustrated notes

Levels and vault maps discovered:
D:1:      dpeg_arrival_rhombus, layout_basic
D:2:      layout_basic, serial_shops, shop, hangedman_decor_points,
          glass_columns_c
D:3:      layout_loops_ring, mainiacjoe_overflow_tiny_flanked, serial_shops,
          shop, chequers_serial_rivers_micro_a
D:4:      layout_basic, nicolae_tso_besieged_by_evil,
          minmay_temple_entry_slanted, portal_sewer_entry_b, minmay_pentangle
D:5:      layout_rooms, serial_bayou, serial_bayou_pond_e, serial_bayou_shore_a,
          serial_bayou_shore_b, serial_bayou_lagoon_a, uniq_grinder,
          uniq_eustachio
D:6:      layout_cave_pools, amethyst_overflow_temple_binary,
          minmay_misc_feat_chi, minmay_crystal_water, minmay_circle_x
D:7:      layout_cave_pods, kiku_gazebo_garden_becter, uniq_pikel
D:8:      layout_basic, enter_bailey_6, serial_shops,
          nicolae_shop_temple_entry_statues_fountains
Temple:   compressed_dpeg_triangle_lava_temple
Bailey:   bailey_polearm_nasty_gnolls, bailey

Skill      XL: |  1  2  3  4  5  6  7  8  9 10 |
---------------+-------------------------------+-----
Conjurations   | 2 3 4 6 8 10 | 10.7
Air Magic      | 4 5 6 7 8 |  8.6
Spellcasting   | 4 5 6 8 9 10 | 10.0
Dodging        | |  2.4
Stealth        | |  2.4

Action                   |  1- 3 |  4- 6 |  7- 9 | 10-12 || total
-------------------------+-------+-------+-------+-------++-------
Melee: Spear             |     2 |     7 |    12 |       ||    21
       Falchion          |     1 |       |       |       ||     1
 Cast: Shock             |    61 |    81 |    44 |    29 ||   215
       Static Discharge  |       |    16 |    14 |       ||    30
       Airstrike         |       |       |    83 |     8 ||    91
       Swiftness         |       |       |     1 |       ||     1
  Use: Scroll            |     6 |       |    12 |       ||    18
       Potion            |       |     2 |       |       ||     2
 Stab: Sleeping          |       |     1 |       |       ||     1
Armor: Robe              |     1 |     2 |     3 |     1 ||     7
Dodge: Dodged            |     5 |     8 |    13 |    10 ||    36

Table legend: (Time is in decaauts)
 A = Elapsed time spent in this place.
 B = Non-inter-level travel time spent in this place.
 C = Inter-level travel time spent in this place.
 D = Time resting spent in this place.
 E = Time spent auto-exploring this place.
 F = Levels seen in this place.
 G = Mean time per level.
                   A        B        C        D        E       F      G
               +--------+--------+--------+--------+--------+-----+--------+
         Total |   9902 |   9561 |    341 |   1444 |   7113 |  10 |  990.2 |
       Dungeon |   9448 |   9115 |    333 |   1261 |   6979 |   8 | 1181.0 |
        Temple |     56 |     48 |      8 |      0 |     34 |   1 |   56.0 |
        Bailey |    396 |    396 |      0 |    183 |    100 |   1 |  396.0 |
               +--------+--------+--------+--------+--------+-----+--------+

Top non-repeatable levels by time:
     D:4: 1715 daAuts
     D:6: 1516 daAuts
     D:7: 1484 daAuts
     D:5: 1434 daAuts
     D:1: 1067 daAuts
     D:2: 1009 daAuts
     D:3: 924 daAuts
  Bailey: 396 daAuts
     D:8: 297 daAuts
  Temple: 56 daAuts

Table legend:
 A = Kills in this place as a percentage of kills in entire the game.
 B = Kills by you in this place as a percentage of kills by you in the entire game.
 C = Kills by friends in this place as a percentage of kills by friends in the entire game.
 D = Other kills in this place as a percentage of other kills in the entire game.
 E = Experience gained in this place as a percentage of experience gained in the entire game.
 F = Experience gained in this place divided by the number of levels of this place that you have seen.
                   A       B       C       D       E      F
               +-------+-------+-------+-------+-------+----------------------
         Total | 100.0 | 100.0 |   N/A |   N/A | 100.0 | 585.0
       Dungeon |  91.8 |  91.8 |   N/A |   N/A |  97.8 | 714.9
        Bailey |   8.2 |   8.2 |   N/A |   N/A |   2.2 | 131.0
               +-------+-------+-------+-------+-------+----------------------
